AoeStats
← Shredded_Pork

Arena

506860523Analyzed
4v4 RM · 17d ago on Sep 15, 2026· 63m 22s· 8 players
Game mode
Random Map
Map size
Large (8 player)
Population
200
Speed
Normal
Resources
Standard
Victory
Conquest
Starting age
Dark Age
Ending age
Imperial Age
RankedLock teamsTeams togetherTeam positionsShared explorationLock speedFull tech treeHidden civsTurbo modeCheats
Victory
Defeat
🇹🇷 Khmer · Türkiye
638
+17
🇬🇧 Mongols · United Kingdom
586
+19
🇷🇸 Teutons · Serbia
558
+20
🇬🇧 Japanese · United Kingdom
517
+22
🇨🇳 Chinese · China
695
-21
🇯🇵 Gurjaras · Japan
661
-20
🇦🇺 Teutons · Australia
634
-19
🇹🇼 Huns · Taiwan
624
-18
OTSNK_ntujaychou
1:00 Loom
11:34 Feudal Age
12:13 Town Watch
13:05 Wheelbarrow
12:21 Double-Bit Axe
12:21 Horse Collar
20:50 Castle Age
21:29 Bloodlines
22:05 Hand Cart
22:54 Bow Saw
23:26 Husbandry
23:57 Gold Mining
27:10 Scale Barding Armor
27:16 Forging
26:57 Fletching
27:23 Marauders
28:48 Thumb Ring
29:57 Heavy Plow
30:42 Stone Mining
31:32 Gold Shaft Mining
33:30 Imperial Age
32:24 Iron Casting
33:37 Caravan
34:49 Conscription
36:09 Two-Man Saw
37:09 Parthian Tactics
38:37 Chemistry
37:58 Ballistics
37:50 Masonry
38:09 Bodkin Arrow
38:17 Padded Archer Armor
41:48 Heavy Cavalry Archer
49:07 Squires
48:34 Elite Skirmisher
56:00 Chain Barding Armor
60:51 Plate Barding Armor
Loopia
8:48 Loom
12:18 Feudal Age
15:15 Wheelbarrow
14:27 Town Watch
14:30 Double-Bit Axe
14:53 Horse Collar
18:17 Castle Age
16:19 Gold Mining
16:23 Stone Mining
17:02 Bloodlines
17:34 Forging
17:28 Fletching
18:46 Scale Barding Armor
19:17 Heavy Plow
20:20 Bow Saw
26:55 Hand Cart
28:00 Bodkin Arrow
29:23 Town Patrol
30:02 Iron Casting
29:32 Caravan
30:01 Chain Barding Armor
33:47 Imperial Age
31:59 Husbandry
34:40 Gold Shaft Mining
36:29 Ballistics
38:15 Chemistry
38:05 Crop Rotation
38:49 Elite Shrivamsha Rider
43:54 Conscription
43:48 Light Cavalry
45:14 Elite Chakram Thrower
52:43 Kshatriyas
55:49 Scale Mail Armor
56:29 Plate Barding Armor
61:41 Fortified Wall
Shredded_Pork
11:31 Feudal Age
12:22 Double-Bit Axe
12:25 Horse Collar
19:41 Castle Age
19:49 Stone Mining
19:49 Gold Mining
21:06 Bow Saw
20:58 Heavy Plow
30:46 Wheelbarrow
33:44 Imperial Age
31:52 Hand Cart
32:03 Ballistics
31:46 Padded Archer Armor
31:36 Fletching
31:47 Scale Mail Armor
31:59 Forging
34:03 Bodkin Arrow
34:23 Leather Archer Armor
34:24 Chain Mail Armor
34:52 Conscription
34:57 Rocketry
35:34 Pikeman
36:14 Squires
36:26 Halberdier
36:50 Heavy Rocket Cart
38:20 Plate Mail Armor
38:25 Iron Casting
37:51 Bracer
38:21 Ring Archer Armor
38:35 Gold Shaft Mining
38:35 Stone Shaft Mining
39:02 Two-Man Saw
41:52 Masonry
50:12 Blast Furnace
51:30 Caravan
51:49 Elite Chu Ko Nu
Brown Sugar
11:10 Feudal Age
12:19 Loom
12:29 Horse Collar
12:36 Double-Bit Axe
15:19 Castle Age
16:03 Wheelbarrow
15:14 Town Watch
16:18 Bow Saw
17:30 Heavy Plow
21:55 Stone Mining
22:00 Gold Mining
23:49 Hand Cart
27:29 Stone Shaft Mining
33:55 Imperial Age
32:41 Coinage
32:11 Caravan
32:31 Caravan
32:33 Town Patrol
34:30 Forging
34:20 Scale Mail Armor
34:34 Masonry
34:45 Ballistics
34:36 Fortified Wall
34:16 Guard Tower
34:54 Scale Barding Armor
35:21 Banking
35:02 Guilds
34:15 Pikeman
34:56 Squires
34:41 Arson
34:21 Man-at-Arms
35:17 Gambesons
36:11 Iron Casting
35:14 Long Swordsman
36:13 Chain Mail Armor
37:14 Crop Rotation
37:46 Two-Man Saw
37:11 Chain Barding Armor
37:03 Siege Engineers
38:00 Chemistry
36:49 Arrowslits
36:34 Two-Handed Swordsman
37:02 Halberdier
37:59 Champion
39:47 Blast Furnace
39:17 Plate Mail Armor
39:11 Conscription
39:25 Ironclad
39:41 Hoardings
39:12 Fletching
40:58 Plate Barding Armor
43:18 Bodkin Arrow
43:23 Padded Archer Armor
44:46 Bombard Tower
45:02 Keep
56:32 Sappers
57:16 Elite Teutonic Knight
froe
11:16 Feudal Age
13:49 Double-Bit Axe
13:45 Horse Collar
18:58 Castle Age
20:01 Forging
19:54 Scale Mail Armor
19:46 Fletching
26:57 Bow Saw
26:50 Heavy Plow
28:58 Gold Mining
32:11 Imperial Age
31:05 Wheelbarrow
30:38 Stone Mining
31:08 Chain Mail Armor
31:23 Ballistics
32:56 Wheelbarrow
33:57 Hand Cart
35:06 Chemistry
34:54 Crop Rotation
34:39 Elite Teutonic Knight
37:37 Iron Casting
38:00 Caravan
41:38 Siege Engineers
41:23 Town Watch
41:24 Loom
47:51 Bodkin Arrow
48:27 Plate Mail Armor
48:57 Blast Furnace
58:30 Scale Barding Armor
58:29 Padded Archer Armor
Delacoal
11:18 Feudal Age
12:20 Double-Bit Axe
12:17 Horse Collar
16:35 Castle Age
20:31 Heavy Plow
22:29 Fletching
26:34 Fervor
34:06 Bodkin Arrow
34:18 Scale Barding Armor
34:15 Padded Archer Armor
39:46 Imperial Age
37:19 Gold Mining
37:19 Stone Mining
38:34 Leather Archer Armor
38:40 Thumb Ring
41:04 Conscription
40:06 Elite Mangudai
41:27 Onager
44:42 Siege Onager
48:56 Ballistics
49:50 Gold Shaft Mining
49:50 Stone Shaft Mining
50:12 Wheelbarrow
53:30 Drill
53:43 Bow Saw
53:43 Bracer
54:31 Bloodlines
54:21 Husbandry
53:42 Light Cavalry
56:45 Caravan
Warmhandz
12:48 Feudal Age
14:47 Double-Bit Axe
14:56 Horse Collar
21:07 Castle Age
22:09 Bow Saw
22:02 Heavy Plow
21:56 Gold Mining
22:03 Stone Mining
22:41 Caravan
34:57 Imperial Age
35:58 Wheelbarrow
35:19 Loom
35:43 Elite Samurai
38:42 Masonry
38:30 Murder Holes
38:56 Fortified Wall
38:37 Guard Tower
38:33 Arrowslits
39:15 Ballistics
39:13 Forging
39:03 Scale Mail Armor
39:09 Scale Barding Armor
38:54 Fletching
39:04 Padded Archer Armor
38:34 Pikeman
39:17 Squires
41:51 Hand Cart
42:49 Halberdier
44:09 Iron Casting
43:49 Chain Mail Armor
43:30 Bodkin Arrow
43:57 Chain Barding Armor
43:53 Leather Archer Armor
44:19 Keep
43:30 Treadmill Crane
44:52 Chemistry
44:23 Heavy Cavalry Archer
46:29 Plate Mail Armor
47:00 Blast Furnace
47:48 Parthian Tactics
48:39 Husbandry
48:52 Bloodlines
50:02 Light Cavalry
62:26 Ring Archer Armor
EmreKGvar
0:33 Loom
10:40 Feudal Age
11:07 Double-Bit Axe
11:05 Horse Collar
19:26 Castle Age
20:42 Bow Saw
22:10 Gold Mining
22:55 Heavy Plow
24:16 Stone Mining
27:14 Gold Shaft Mining
31:21 Husbandry
31:35 Bloodlines
35:09 Imperial Age
32:58 Scale Barding Armor
35:46 Chain Barding Armor
35:34 Heavy Scorpion
38:02 Crop Rotation
41:22 Elite Battle Elephant
45:39 Plate Barding Armor
55:13 Conscription
54:56 Tusk Swords
Connection lost

Rejoining the realm…

Still unreachable

The connection could not be restored.

Session expired

The server has moved on; the page needs a fresh start.